 Dungeon Crawl Stone Soup version 0.27.0-65-ge2af304b15 (webtiles) character file.

Game seed: 12979222441979002054

260 Malachi the Sneak (level 6, 0/41 HPs)
             Began as a Djinni Enchanter on Aug 18, 2021.
             Slain by a gnoll (13 damage)
             ... on level 3 of the Dungeon.
             The game lasted 00:07:16 (5911 turns).

Malachi the Sneak (Djinni Enchanter)                Turns: 5911, Time: 00:07:17

Health: 0/41       AC:  3    Str:  7    XL:     6   Next: 41%
Gold:   56         EV: 12    Int: 19    God:
                   SH:  0    Dex: 13

rFire    + + .     SeeInvis .   a - +1 dagger
rCold    x . .     Faith    .   (no shield)
rNeg     . . .     Spirit   .   b - +0 robe
rPois    ∞         Reflect  .   f - +1 hat
rElec    .         Harm     .   (no cloak)
rCorr    .         Rampage  .   (no gloves)
Will     .....                  (boots unavailable)
Stlth    +++.......             (no amulet)
HPRegen  0.13/turn              d - ring of wizardry
MPRegen  0.00/turn              (no ring)

@: flying
A: sickness immunity, fire resistance 2, cold vulnerability 1, float, innate
caster, hp casting, extra vitality 1
a: no special abilities


You were on level 3 of the Dungeon.
You visited 1 branch of the dungeon, and saw 3 of its levels.

You collected 56 gold pieces.

Inventory:

Hand Weapons
 a - a +1 dagger (weapon)
Armour
 b - a +0 robe (worn)
 f - a +1 hat (worn)
Jewellery
 d - a ring of wizardry (left hand)
Wands
 k - a wand of acid (13)
Scrolls
 c - a scroll of enchant armour
 e - a scroll of fog {unknown}
Potions
 h - 2 potions of curing {unknown}


   Skills:
 + Level 0.4 Fighting
 * Level 2.0 Short Blades
 - Level 2.1 Dodging
 * Level 4.5 Stealth
 * Level 3.6 Spellcasting


You couldn't memorise any spells.
You knew the following spells:

 Your Spells              Type           Power      Damage    Failure   Level
a - Corona                Hex            18%        N/A       1%          1
b - Ensorcelled Hibernat  Hex/Ice        34%        N/A       1%          2
c - Confusing Touch       Hex            17%        N/A       4%          3
d - Tukima's Dance        Hex            17%        N/A       4%          3
e - Dazzling Flash        Conj/Hex       34%        N/A       4%          3
f - Freeze                Ice            68%        1d8       1%          1
g - Corpse Rot            Necr/Air       N/A        N/A       1%          2
Your spell library was empty.

Dungeon Overview and Level Annotations

Branches:
Dungeon (3/15)

Altars:
Vehumet

Annotations:
D:3 2 transporters, makewrite's ghost, amateur HOFi


Innate Abilities, Weirdness & Mutations

You are immune to sickness and miasma.
You are immune to poison.
Your flesh is very heat resistant. (rF++)
You are vulnerable to cold. (rC-)
You float through the air rather than walking.
You learn spells naturally, not from books.
Your magical power is your life essence.
You have superior vitality. (+4 HP)


Message History

Casting: Ensorcelled Hibernation (safe; 1% risk of failure)
Confirm with . or Enter, or press ? or * to list all spells.
Aiming: Ensorcelled Hibernation (safe; 1% risk of failure)
Press: ? - help, Shift-Dir - straight line, f - orc priest
Aim: an orc priest, wielding a +0 club and wearing a +0 leather armour (chance to affect: 48%)
The orc priest looks drowsy...
* * * LOW HITPOINT WARNING * * *
The helpless orc priest fails to defend itself.
You impale the orc priest!!
You kill the orc priest!
Your Short Blades skill increases to level 2!
You start resting.
You start resting.
A gnoll is nearby!
A gnoll is nearby!
A gnoll is nearby!
The gnoll shouts!
The gnoll hits you but does no damage.
Things that are here:
a +0 club; a +0 leather armour
Casting: Ensorcelled Hibernation (safe; 1% risk of failure)
Confirm with . or Enter, or press ? or * to list all spells.
Aiming: Ensorcelled Hibernation (safe; 1% risk of failure)
Press: ? - help, Shift-Dir - straight line, f - gnoll
Aim: a gnoll, wielding a +0 flail (chance to affect: 56%)
The gnoll resists with significant effort.
Casting: Ensorcelled Hibernation (safe; 1% risk of failure)
Confirm with . or Enter, or press ? or * to list all spells.
Aiming: Ensorcelled Hibernation (safe; 1% risk of failure)
Press: ? - help, Shift-Dir - straight line, f/p - gnoll
Aim: a gnoll, wielding a +0 flail (chance to affect: 56%)
The gnoll resists with significant effort.
The gnoll hits you with a +0 flail!
An orc comes into view. It is wielding a +0 mace.
The orc shouts!
The orc hits you with a +0 mace.
* * * LOW HITPOINT WARNING * * *
The gnoll barely misses you. The orc closely misses you.
The gnoll hits you with a +0 flail!
You die...

.)..##..........# #........#
....##..........# ##########
....##..........#
....##..........#
######..........# ...#
#........o.#
.#.###).........#####
.._..'#########g....#
##.####≈≈≈≈≈≈≈#.@...#
#..####≈..#..≈#.....#
......#≈.#†#.≈#.....#
......+.#[#.#.'.....#
......#≈.#.#.≈##...[#
###'###≈..#..≈##....#
#..##≈≈≈≈≈≈≈##....##########
##.###########.............#
####..#........+.............#


You could see a gnoll and an orc.

Vanquished Creatures
  2 hounds (D:3)
  An orc priest (D:3)
  8 gnolls (D:3)
  An adder (D:3)
  4 worms
  2 orcs (D:3)
  8 bats
  3 endoplasms
  3 giant cockroaches
  4 goblins
  3 hobgoblins
  19 jackals
  2 kobolds (D:1)
  7 ball pythons
  2 frilled lizards (D:3)
  4 rats
73 creatures vanquished.

Vanquished Creatures (others)
  4 plants (D:3)
4 creatures vanquished.

Grand Total: 77 creatures vanquished

Notes
Turn   | Place    | Note
-------+----------+-------------------------------------------
     0 | D:1      | Malachi the Djinni Enchanter began the quest for the Orb.
     0 | D:1      | Reached XP level 1. HP: 15/15 MP: 0/0
    86 | D:1      | Reached skill level 1 in Short Blades
   487 | D:1      | Reached XP level 2. HP: 21/21 MP: 0/0
  1441 | D:2      | Reached skill level 3 in Stealth
  1750 | D:2      | Reached XP level 3. HP: 25/25 MP: 0/0
  1750 | D:2      | Learned a level 1 spell: Freeze
  3346 | D:3      | Reached XP level 4. HP: 9/31 MP: 0/0
  3969 | D:3      | Found a transporter.
  4216 | D:3      | Found a transporter.
  4216 | D:3      | Noticed makewrite's ghost (amateur HOFi)
  4425 | D:3      | Reached XP level 5. HP: 21/35 MP: 0/0
  4425 | D:3      | Learned a level 2 spell: Corpse Rot
  4825 | D:3      | Reached skill level 4 in Stealth
  5317 | D:3      | Reached XP level 6. HP: 29/41 MP: 0/0
  5911 | D:3      | Slain by a gnoll

Illustrated notes

Levels and vault maps discovered:
D:1:      saegor_arrival_under_anarchy, layout_basic,
          ebering_dispersal_statue_hall, minmay_misc_feat_cross
D:2:      layout_loops_ring
D:3:      lemuel_castle_with_subvaults [lemuel_castle_interior_original],
          layout_basic, lemuel_crystal_altar, gammafunk_ghost_arena,
          kennysheep_generic_room_10

Skill      XL: |  1  2  3  4  5  6 |
---------------+-------------------+-----
Short Blades   | 1 2 |  2.0
Stealth        | 3 4 |  4.5
Spellcasting   | 3 |  3.6
Fighting       | |  0.4
Dodging        | |  2.1

Action                   |  1- 3 |  4- 6 || total
-------------------------+-------+-------++-------
Melee: Dagger            |    71 |    48 ||   119
 Cast: Corona            |     3 |     2 ||     5
       Ensorcelled Hiber |    32 |    58 ||    90
       Freeze            |     5 |    11 ||    16
  Use: Scroll            |     5 |       ||     5
 Stab: Sleeping          |    27 |    31 ||    58
Armor: Robe              |    25 |    17 ||    42
Dodge: Dodged            |    78 |    66 ||   144
